 Dungeon Crawl Stone Soup version 0.30-a0-137-gd8773701ce (webtiles) character file.

Game seed: 10762282320705842202

3822 ytrimaz the Severer (level 10, 0/77 HPs)
             Began as a Hill Orc Fighter on Sept 23, 2022.
             Was a Follower of Beogh.
             Slain by a yak (6 damage)
             ... on level 8 of the Dungeon.
             The game lasted 00:08:23 (9010 turns).

ytrimaz the Severer (Hill Orc Fighter)              Turns: 9010, Time: 00:08:23

Health: 0/77       AC: 11    Str: 24    XL:     10   Next: 17%
Magic:  10/10      EV:  9    Int:  8    God:    Beogh [*.....]
Gold:   318        SH:  4    Dex: 10    Spells: 9/9 levels left

rFire   . . .      SeeInvis .    a - +1 war axe
rCold   . . .      Faith    .    c - +0 buckler
rNeg    . . .      Spirit   .    b - +0 scale mail
rPois   .          Reflect  .    h - +1 helmet
rElec   .          Harm     .    (no cloak)
rCorr   .          Rampage  .    (no gloves)
Will    .....                    (no boots)
Stlth   ..........               (no amulet)
HPRegen 0.22/turn                (no ring)
MPRegen 0.12/turn                (no ring)

@: no status effects
A: no striking features
a: Renounce Religion


You were on level 8 of the Dungeon.
You worshipped Beogh.
Beogh was aware of your devotion.
You visited 2 branches of the dungeon, and saw 9 of its levels.
You also visited: Sewer.

You collected 318 gold pieces.


   Skills:
 - Level 3.6 Fighting
 * Level 15.0 Axes
 + Level 9.9 Armour
 - Level 3.2 Shields


You had 9 spell levels left.
You didn't know any spells.
Your spell library contained the following spells:

 Spells                   Type           Power      Damage    Failure   Level
 Summon Small Mammal      Summ           0%         N/A       77%         1
 Sublimation of Blood     Necr           0%         N/A       88%         2
 Call Canine Familiar     Summ           0%         N/A       98%         3
 Summon Guardian Golem    Hex/Summ       0%         N/A       98%         3
 Petrify                  Tmut/Erth      0%         N/A       100%        4
 Summon Ice Beast         Ice/Summ       0%         N/A       100%        4
 Irradiate                Conj/Tmut      0%         3d11      100%        5
 Summon Mana Viper        Hex/Summ       0%         N/A       100%        5
 Monstrous Menagerie      Summ           0%         N/A       100%        7

Inventory:

Hand Weapons
 a - a +1 war axe (weapon)
Missiles
 t - 5 throwing nets (quivered)
Armour
 b - a +0 scale mail (worn)
 c - a +0 buckler (worn)
 h - a +1 helmet (worn)
   (You found it on level 1 of the Dungeon)
Jewellery
 x - a ring of wizardry
   (You took it off an orc priest on level 7 of the Dungeon)
Wands
 y - a wand of polymorph (7)
   (You found it on level 7 of the Dungeon)
Scrolls
 j - a scroll of immolation
 o - a scroll of amnesia
 p - 4 scrolls of teleportation
 q - a scroll of blinking
 r - 2 scrolls of enchant armour
 s - a scroll of magic mapping
Potions
 d - a potion of flight {unknown}
 e - 2 potions of lignification
 f - 3 potions of heal wounds
 g - a potion of ambrosia
 i - 2 potions of attraction
 k - 3 potions of magic
 l - 4 potions of curing
 m - 2 potions of invisibility {unknown}
 n - a potion of brilliance {unknown}
 u - 3 potions of haste
 v - a potion of mutation {unknown}
 w - a potion of cancellation {unknown}

Dungeon Overview and Level Annotations

Branches:
Dungeon (8/15) Zot: 26625  Temple (1/1) D:6 Zot: 5809   Sewer (visited)
   Lair: D:8-11

Altars:
Cheibriados
Dithmenos
Elyvilon
Fedhas
Gozag
Hepliaklqana
Kikubaaqudgha
Makhleb
Okawaru
Qazlal
Ru
Sif Muna
Trog
Uskayaw
Vehumet
Wu Jian
Xom
Yredelemnul
Zin
The Shining One

Shops:
D:2 (   D:4 :*( D:6

( #).# .# )).#
#####.# ##.#
#.....### #.####
#./..... #....#
#.....# ####.###
#..†..# #...#####.##
###...##...####.#
#########......Y@...#
...... ####...###..#
###### .....$.# .# #
####....# .. #
#...... ## # ........
# .##.####. # .# #.#
#


You could see a yak.


Message History

* * * LOW HITPOINT WARNING * * *
😨 HP[+10]
You now have 105 max hp (+35).
You regained 10 hp, and now have 49/105 hp.
You hit the yak. The yak gores you but does no damage.
Unknown command.
You barely miss the yak. The yak gores you.
* * * LOW HITPOINT WARNING * * *
😨 HP[-3]
You take 3 damage, and now have 46/105 hp.
Unknown command.
You closely miss the yak. You block the yak's attack.
Unknown command.
You hit the yak. You closely miss the yak. The yak gores you!
* * * LOW HITPOINT WARNING * * *
😨 HP[-6]
You take 6 damage, and now have 40/105 hp.
Unknown command.
You slash the yak! The yak gores you but does no damage.
Unknown command.
You hit the yak. The yak gores you but does no damage.
You hit the yak but do no damage. The yak gores you but does no damage.
Unknown command.
You slash the yak!
You kill the yak!
Beogh accepts your kill.
You have reached level 10!
You feel stronger. 😨 HP[+4] MP[+1]
You now have 115 max hp (+10).
You regained 4 hp, and now have 44/115 hp.
Your mp is fully restored (10).
You cannot move.
Unknown command.
Okay, then.
Unknown command. 😨 HP[+1]
You slash the yak! The yak completely misses you.
Unknown command.
You hit the yak. The yak gores you.
* * * LOW HITPOINT WARNING * * *
😨 HP[-4]
You take 4 damage, and now have 41/115 hp.
You slice the yak!! You block the yak's attack.
Unknown command.
You hit the yak.
You kill the yak!
Beogh accepts your kill. 😨 HP[+1]
You slash the yak!
You kill the yak!
Beogh accepts your kill.
Unknown command.
You barely miss the yak.
Unknown command.
You slash the yak!
Your transformation is almost over.
The yak gores you but does no damage.
You slash the yak! The yak gores you!
* * * LOW HITPOINT WARNING * * *
😨 HP[-7]
You take 7 damage, and now have 35/115 hp.
You hit the yak. The yak gores you.
* * * LOW HITPOINT WARNING * * *
Unknown command. 😨 HP[-1]
You take 1 damage, and now have 34/115 hp.
You hit the yak. The yak gores you but does no damage.
Unknown command.
You barely miss the yak. You hit the yak. The yak gores you!
* * * LOW HITPOINT WARNING * * *
😱 HP[-8]
You take 8 damage, and now have 26/115 hp.
Unknown command.
You barely miss the yak. You block the yak's attack.
You slash the yak!
You kill the yak!
Beogh accepts your kill.
Your Axes skill increases to level 15!
Unknown command.
You hit the yak. You block the yak's attack.
You slash the yak!
Unknown command.
You slash the yak!
You feel less wooden.
Your +1 helmet unmelds from your body.
Your +0 scale mail unmelds from your body.
You block the yak's attack. 😱 HP[-8]
You now have 77 max hp (-38).
You barely miss the yak. The yak gores you!
* * * LOW HITPOINT WARNING * * *
😱 HP[-12]
You take 12 damage, and now have 6/77 hp.
Unknown command.
You slash the yak! The yak closely misses you.
You hit the yak. The yak gores you.
You die...

Skill      XL: |  1  2  3  4  5  6  7  8  9 10 |
---------------+-------------------------------+-----
Axes           | 3 4 5 6 7 9 11 14 15 | 15.0
Armour         | 4 5 6 8 9 |  9.9
Fighting       | |  3.6
Shields        | |  3.2

Action                   |  1- 3 |  4- 6 |  7- 9 | 10-12 || total
-------------------------+-------+-------+-------+-------++-------
Melee: War axe           |    76 |   142 |   381 |    20 ||   619
       Unarmed           |       |     2 |       |       ||     2
Invok: Convert to Beogh  |       |       |     1 |       ||     1
  Use: Scroll            |     9 |     6 |     4 |       ||    19
       Potion            |       |     1 |    11 |       ||    12
Armor: Scale mail        |    31 |    62 |   172 |       ||   265
       Skin              |       |       |    11 |     2 ||    13
Dodge: Dodged            |    49 |    63 |   177 |     2 ||   291
Block: Buckler           |    21 |    29 |    86 |     4 ||   140

Levels and vault maps discovered:
D:1:      minmay_arrival_radiant_lines, layout_basic, amcnicky_mini_pool_small
D:2:      minmay_skewed_foursquare, layout_basic, serial_shops, shop,
          ebering_ecumenical_altar_ruins, uniq_terence
D:3:      minmay_diamond_boxcup, layout_basic, trog_three_pillars_becter,
          uniq_natasha
D:4:      layout_layer_cave, serial_shops, kennysheep_little_box, shop,
          nicolae_shop_advertising_works [nicolae_subvault_shop_adworks], shop,
          st_stairs_8, uniq_edmund
D:5:      lemuel_ice_spiral_2, layout_rooms, mainiacjoe_overflow_alcove_2,
          cheibrodos_sewer_entry_bend, nicolae_figureground_sparkle
D:6:      layout_cave_pools, temple_green, serial_shops, shop_fountains,
          uniq_eustachio, uniq_menkaure
D:7:      layout_loops_ring, chequers_temple_overflow_statue_of_worship,
          uniq_prince_ribbit1
D:8:      layout_rooms, mainiacjoe_overflow_small_starburst, uniq_gastronok,
          uniq_erica, uniq_amaemon
Temple:   nicolae_temple_elliptical

Notes
Turn   | Place    | Note
-------+----------+-------------------------------------------
     0 | D:1      | ytrimaz the Hill Orc Fighter began the quest for the Orb.
     0 | D:1      | Reached XP level 1. HP: 19/19 MP: 1/1
     0 | D:1      | magus.rc [v1.9.6]
    58 | D:1      | Reached skill level 3 in Axes
   197 | D:1      | Reached XP level 2. HP: 26/26 MP: 2/2
   870 | D:1      | Reached skill level 4 in Armour
   870 | D:1      | Reached XP level 3. HP: 26/31 MP: 3/3
  1068 | D:2      | Reached skill level 4 in Axes
  1415 | D:2      | Found a faded altar of an unknown god.
  1488 | D:2      | Found Hiucur's Weapon Emporium.
  1488 | D:2      | Noticed Terence
  1495 | D:2      | Killed Terence
  1496 | D:2      | Reached XP level 4. HP: 34/39 MP: 4/4
  2257 | D:3      | You pick up a book of Alchemy and begin reading...
  2257 | D:3      | You add the spells Sublimation of Blood, Petrify and
                  | Irradiate to your library.
  2320 | D:3      | Noticed Natasha
  2333 | D:3      | Killed Natasha
  2334 | D:3      | Reached skill level 5 in Axes
  2334 | D:3      | Reached XP level 5. HP: 37/45 MP: 5/5
  2521 | D:3      | Found a bloodstained altar of Trog.
  2702 | D:3      | You pick up a book of Callings and begin reading...
  2702 | D:3      | You add the spells Summon Small Mammal, Call Canine
                  | Familiar and Summon Guardian Golem to your library.
  2836 | D:3      | Reached skill level 5 in Armour
  2874 | D:3      | You pick up a book of Beasts and begin reading...
  2874 | D:3      | You add the spells Summon Ice Beast, Summon Mana Viper and
                  | Monstrous Menagerie to your library.
  3175 | D:4      | magus.rc [v1.9.6]
  3377 | D:4      | Found Yman's Book Shoppe.
  3386 | D:4      | Reached skill level 6 in Axes
  3386 | D:4      | Reached XP level 6. HP: 48/51 MP: 6/6
  3469 | D:4      | Found Xiorghiacw's Antique Weapon Emporium.
  3493 | D:4      | Found Heumpyl's Assorted Antiques.
  3620 | D:4      | Noticed Edmund
  3631 | D:4      | Killed Edmund
  3632 | D:4      | Reached skill level 7 in Axes
  3935 | D:5      | Entered Level 5 of the Dungeon
  3979 | D:5      | Found a burning altar of Makhleb.
  4102 | D:5      | Noticed an ice beast
  4111 | D:5      | Killed an ice beast
  4112 | D:5      | Reached skill level 6 in Armour
  4112 | D:5      | Reached XP level 7. HP: 44/57 MP: 7/7
  4113 | D:5      | Reached skill level 8 in Axes
  4218 | D:5      | HP: 13/57 [howler monkey (4)]
  4560 | D:5      | Found a glowing drain.
  4587 | Sewer    | Entered a sewer
  4951 | Sewer    | Reached skill level 9 in Axes
  5316 | D:6      | Noticed Eustachio
  5321 | D:6      | Reached XP level 8. HP: 59/64 MP: 8/8
  5353 | D:6      | Killed Eustachio
  5354 | D:6      | Reached skill level 7 in Armour
  5484 | D:6      | Reached skill level 10 in Axes
  5970 | D:6      | Reached skill level 11 in Axes
  5972 | D:6      | Found Iloenur's Antique Weapon Boutique.
  6019 | D:6      | Reached skill level 8 in Armour
  6022 | D:6      | Reached XP level 9. HP: 33/70 MP: 9/9
  6522 | D:6      | Noticed Menkaure
  6528 | D:6      | Killed Menkaure
  6529 | D:6      | Reached skill level 12 in Axes
  6744 | D:6      | Found a staircase to the Ecumenical Temple.
  6752 | Temple   | Entered the Ecumenical Temple
  6995 | D:7      | Became a worshipper of Beogh the Brigand
  7449 | D:7      | Found a white marble altar of Elyvilon.
  7449 | D:7      | Found an ornate altar of the Wu Jian Council.
  7810 | D:7      | Noticed a troll
  7818 | D:7      | Killed a troll
  7819 | D:7      | Reached skill level 13 in Axes
  8023 | D:7      | Noticed Prince Ribbit
  8052 | D:7      | Killed Prince Ribbit
  8053 | D:7      | Reached skill level 9 in Armour
  8636 | D:8      | Noticed a hornet
  8642 | D:8      | Paralysed by a hornet for 2 turns
  8644 | D:8      | HP: 14/70 [hornet (12)]
  8649 | D:8      | HP: 26/105 [hornet (3)]
  8650 | D:8      | HP: 6/105 [hornet (12)]
  8654 | D:8      | Killed a hornet
  8655 | D:8      | Reached skill level 14 in Axes
  8904 | D:8      | Reached * piety under Beogh
  8976 | D:8      | HP: 11/70 [yak (13)]
  8990 | D:8      | Reached XP level 10. HP: 44/77 MP: 10/10
  9002 | D:8      | HP: 26/115 [yak (9)]
  9005 | D:8      | Reached skill level 15 in Axes
  9008 | D:8      | HP: 6/77 [yak (12)]
  9010 | D:8      | Slain by a yak

Vanquished Creatures
  A troll (D:7)
  A hornet (D:8)
  Prince Ribbit (D:7)
  Eustachio (D:6)
  5 yaks (D:8)
  Menkaure (D:6)
  Edmund (D:4)
  A water moccasin (D:6)
  2 black bears (D:7)
  A sky beast (D:7)
  An ice beast (D:5)
  A centaur (D:6)
  An ogre (D:6)
  2 phantoms (D:6)
  A kobold brigand (Sewer)
  2 bullfrogs
  A scorpion (D:6)
  2 howler monkeys
  3 hounds
  A jelly (D:6)
  4 orc priests (D:7)
  3 gnoll boudas
  Terence (D:2)
  4 iguanas
  Natasha (D:3)
  3 orc wizards (D:7)
  24 gnolls
  6 adders
  5 river rats (Sewer)
  A white imp (D:6)
  An ufetubus (D:6)
  4 worms
  3 dart slugs
  7 orcs
  6 bats
  6 endoplasms
  5 giant cockroaches
  8 goblins
  6 hobgoblins
  4 jackals
  3 quokkas
  5 ball pythons
  4 frilled lizards
  19 kobolds
  24 rats
187 creatures vanquished.

Vanquished Creatures (others)
  A water moccasin (D:7)
  An orc priest (D:7)
2 creatures vanquished.

Grand Total: 189 creatures vanquished

Table legend:
 A = Non-vault XP
 B = Vault XP
 C = Vault XP percentage of total XP
 D = Non-vault monster count
 E = Vault monster count
 F = Vault count percentage of total count
                 A         B        C        D         E       F
            +---------+---------+-------+---------+---------+-------
      Total |    4246 |    1215 |  22.2 |     123 |      64 |  34.2
            +---------+---------+-------+---------+---------+-------
        D:1 |      37 |       0 |   0.0 |      24 |       0 |   0.0
        D:2 |      20 |      56 |  73.7 |      11 |       6 |  35.3
        D:3 |      40 |      53 |  57.0 |      10 |       9 |  47.4
        D:4 |      70 |     214 |  75.4 |       7 |       4 |  36.4
        D:5 |     404 |      10 |   2.4 |      16 |       2 |  11.1
        D:6 |    1100 |     367 |  25.0 |      23 |       2 |   8.0
        D:7 |    1190 |     268 |  18.4 |      22 |       1 |   4.3
        D:8 |    1385 |       0 |   0.0 |      10 |       0 |   0.0
      Sewer |       0 |     247 | 100.0 |       0 |      40 | 100.0
            +---------+---------+-------+---------+---------+-------

Illustrated notes

Table legend:
 A = Kills in this place as a percentage of kills in entire the game.
 B = Kills by you in this place as a percentage of kills by you in the entire game.
 C = Kills by friends in this place as a percentage of kills by friends in the entire game.
 D = Other kills in this place as a percentage of other kills in the entire game.
 E = Experience gained in this place as a percentage of experience gained in the entire game.
 F = Experience gained in this place divided by the number of levels of this place that you have seen.
                   A       B       C       D       E      F
               +-------+-------+-------+-------+-------+----------------------
         Total | 100.0 | 100.0 |   N/A |   N/A | 100.0 | 546.1
       Dungeon |  78.6 |  78.6 |   N/A |   N/A |  95.5 | 651.8
         Sewer |  21.4 |  21.4 |   N/A |   N/A |   4.5 | 247.0
               +-------+-------+-------+-------+-------+----------------------

Table legend: (Time is in decaauts)
 A = Elapsed time spent in this place.
 B = Non-inter-level travel time spent in this place.
 C = Inter-level travel time spent in this place.
 D = Time resting spent in this place.
 E = Time spent auto-exploring this place.
 F = Levels seen in this place.
 G = Mean time per level.
                   A        B        C        D        E       F      G
               +--------+--------+--------+--------+--------+-----+--------+
         Total |   9064 |   8871 |    193 |     31 |   7357 |  10 |  906.4 |
       Dungeon |   8317 |   8147 |    170 |     31 |   6855 |   8 | 1039.6 |
        Temple |    190 |    167 |     23 |      0 |    151 |   1 |  190.0 |
         Sewer |    556 |    556 |      0 |      0 |    351 |   1 |  556.0 |
               +--------+--------+--------+--------+--------+-----+--------+

Top non-repeatable levels by time:
     D:7: 1648 daAuts
     D:6: 1457 daAuts
     D:2: 1157 daAuts
     D:3: 1059 daAuts
     D:1: 1016 daAuts
     D:5: 835 daAuts
     D:4: 768 daAuts
   Sewer: 556 daAuts
     D:8: 374 daAuts
  Temple: 190 daAuts
